 Dungeon Crawl Stone Soup version 0.26-a0-34-g9e0bf03589 (webtiles) character file.

Game seed: 16410417935052774717, levelgen mode: deterministic

651 Essalna the Chiller (level 7, -2/43 HPs)
             Began as a Gargoyle Ice Elementalist on May 29, 2020.
             Slain by an ogre
             ... wielding a +0 giant club
              (13 damage)
             ... on level 4 of the Dungeon.
             The game lasted 00:13:56 (5223 turns).

Essalna the Chiller (Gargoyle Ice Elementalist)     Turns: 5223, Time: 00:13:56

Health: -2/43      AC:  6    Str: 12    XL:     7   Next: 53%
Magic:  10/13      EV: 13    Int: 17    God:
Gold:   153        SH:  0    Dex: 16    Spells: 10/14 levels left

rFire    . . .     SeeInvis .   b - +0 dagger
rCold    . . .     Gourm    .   (no shield)
rNeg     + . .     Faith    .   a - +0 robe
rPois    ∞         Spirit   .   (no helmet)
rElec    +         Reflect  .   (no cloak)
rCorr    .         Harm     .   (no gloves)
MR       .....                  (no boots)
Stlth    ++........             u - amulet of the acrobat (curse)
HPRegen  0.14/turn              d - +6 ring of dexterity
MPRegen  0.13/turn              (no ring)

@: frozen ramparts
A: negative energy resistance 1, electricity resistance, unbreathing,
petrification resistance, rot immunity, AC +4
a: no special abilities


You were on level 4 of the Dungeon.
You were not hungry.

You visited 1 branch of the dungeon, and saw 4 of its levels.
You also visited: Sewer.

You collected 153 gold pieces.

Inventory:

Hand Weapons
 b - a +0 dagger (weapon)
Armour
 a - a +0 robe (worn)
Jewellery
 d - a +6 ring of dexterity (left hand)
 u - a cursed amulet of the acrobat (around neck)
Wands
 m - a wand of disintegration (13)
Scrolls
 e - a scroll of identify
 f - a scroll of amnesia
 i - 4 scrolls of teleportation
 s - a scroll of random uselessness
Potions
 h - a potion of flight
 k - a potion of resistance {unknown}
 l - a potion of haste
 n - a potion of ambrosia {unknown}
 o - a potion of curing {unknown}
 p - 2 potions of heal wounds
 q - a potion of invisibility {unknown}
 r - a potion of degeneration {unknown}
Comestibles
 c - 13 rations


   Skills:
 + Level 4.2 Fighting
 - Level 2.1 Dodging
 - Level 3.0 Stealth
 + Level 4.4 Spellcasting
 + Level 6.0 Ice Magic


You had 10 spell levels left.
You knew the following spells:

 Your Spells              Type           Power        Failure   Level  Hunger
a - Freeze                Ice            ###.         1%          1    None
b - Frozen Ramparts       Ice            ###...       3%          3    ###....

Your spell library contained the following spells:

 Spells                   Type           Power        Failure   Level  Hunger
 Ozocubu's Armour         Chrm/Ice       ##......     13%         3    ###....
 Beastly Appendage        Tmut           #.....       16%         1    None
 Sticks to Snakes         Tmut           #.......     22%         2    ##.....
 Spider Form              Tmut/Pois      #.........   41%         3    ###....
 Hailstorm                Conj/Ice       ##......     41%         4    ####...
 Ice Form                 Ice/Tmut       ##......     41%         4    ####...
 Summon Ice Beast         Ice/Summ       ##......     41%         4    ####...
 Blade Hands              Tmut           #.........   99%         5    ######.


Dungeon Overview and Level Annotations

Branches:
Dungeon (4/15)              Sewer (visited)
 Temple: D:4-7

Altars:
Elyvilon
Makhleb
Trog
Zin


Innate Abilities, Weirdness & Mutations

You are resistant to torment.
Your stone body is resilient. (AC +4)
You are immune to poison.
You resist negative energy. (rN+)
You are resistant to electric shocks. (rElec)
You can survive without breathing.
You are immune to petrification.
You are immune to rotting.


Message History

The wall freezes the ogre.
You hit the ogre.
The ogre is moderately wounded.
The wall freezes the ogre.
The ogre barely misses you.
You hit the ogre.
The ogre is heavily wounded.
The wall freezes the ogre.
The ogre hits you with a +0 giant club!
You are too injured to fight recklessly!
You are too injured to fight recklessly!
You hit the ogre.
The ogre is severely wounded.
You hit the ogre.
The ogre is almost dead.
The wall freezes the ogre.
The ogre hits you with a +0 giant club!!
* * * LOW HITPOINT WARNING * * *
You hit the ogre but do no damage.
The ogre is almost dead.
The wall freezes the ogre.
The ogre hits you with a +0 giant club!
You die...

*,,**,,,**.._(.♣♣♣♣♣♣..♣#....
*,,**,,,**............♣##....
*****,,,,,,,**....[.......♣#.....
,,,,**,**#,,**...........♣##...#.
***,*,,,*#.,**♣.........♣♣#..#.#.
*,,***,#..#*#♣♣♣....♣♣###.##<#.
*,,* *,.....####♣♣♣♣###........
*,,***,#.##....######...####...
***,*,,,,......O@.......#.# ###.
,,,,*****########.........# #.
***** ########### ##


You could see an ogre.

Vanquished Creatures
  2 bullfrogs (Sewer)
  A hound (D:3)
  2 orc wizards (D:4)
  2 orc priests
  A worker ant (D:4)
  2 hound skeletons (D:4)
  A gnoll (D:1)
  8 adders
  12 oozes
  3 worms (D:2)
  A dart slug (D:1)
  17 leopard geckos
  14 orcs
  11 bats
  16 giant cockroaches
  6 goblins
  8 hobgoblins
  8 jackals
  2 quokkas
  10 ball pythons (Sewer)
  19 frilled lizards
  3 kobolds (D:2)
  12 rats
161 creatures vanquished.

Notes
Turn   | Place    | Note
-------+----------+-------------------------------------------
     0 | D:1      | Essalna the Gargoyle Ice Elementalist began the quest for
                  | the Orb.
     0 | D:1      | Reached XP level 1. HP: 10/10 MP: 3/3
   100 | D:1      | Reached XP level 2. HP: 9/15 MP: 3/5
   361 | D:1      | Reached XP level 3. HP: 19/19 MP: 6/6
  1021 | D:2      | You fall into a shaft and drop 1 floor!
  1370 | D:3      | Reached XP level 4. HP: 24/24 MP: 4/7
  1377 | D:2      | Learned a level 3 spell: Frozen Ramparts
  1472 | D:2      | Found a bloodstained altar of Trog.
  1819 | D:2      | Reached skill level 1 in Fighting
  2641 | D:2      | Found a glowing silver altar of Zin.
  2763 | D:3      | Reached XP level 5. HP: 29/29 MP: 4/9
  3219 | D:3      | Reached skill level 5 in Ice Magic
  3738 | D:4      | Found a white marble altar of Elyvilon.
  3800 | D:4      | Reached XP level 6. HP: 28/36 MP: 8/11
  3822 | D:4      | Found a glowing drain.
  3835 | Sewer    | Entered a sewer
  4541 | Sewer    | Reached XP level 7. HP: 34/41 MP: 7/13
  4942 | D:4      | Found a burning altar of Makhleb.
  4997 | D:4      | Reached skill level 6 in Ice Magic
  5223 | D:4      | Slain by an ogre

Illustrated notes

Levels and vault maps discovered:
D:1:      minmay_arrival_hallway, layout_loops_ring
D:2:      layout_loops_corners, zin_scriptorium, first_ration,
          amethyst_killhole, minmay_misc_feat_four_crosses, trog_butcher_becter
D:3:      layout_basic
D:4:      layout_loops_ring, kennysheep_ying_yang, lemuel_round_altar,
          portal_sewer_entry_d, chequers_garden

Skill      XL: |  1  2  3  4  5  6  7 |
---------------+----------------------+-----
Dodging        | 2 |  2.1
Stealth        | 3 |  3.0
Fighting       | 1 2 3 4 |  4.2
Spellcasting   | 3 4 |  4.4
Ice Magic      | 5 6 |  6.0

Action                   |  1- 3 |  4- 6 |  7- 9 || total
-------------------------+-------+-------+-------++-------
Melee: Dagger            |    66 |   209 |    51 ||   326
 Cast: Freeze            |    32 |    51 |     1 ||    84
       Frozen Ramparts   |       |    26 |     8 ||    34
  Use: Potion            |     2 |       |       ||     2
       Scroll            |       |     6 |     4 ||    10
 Stab: Sleeping          |     5 |     6 |     1 ||    12
  Eat: Chunk             |     2 |    13 |     3 ||    18
Armor: Robe              |    36 |    94 |    16 ||   146
Dodge: Dodged            |    69 |   196 |    30 ||   295

Table legend:
 A = Non-vault XP
 B = Vault XP
 C = Vault XP percentage of total XP
 D = Non-vault monster count
 E = Vault monster count
 F = Vault count percentage of total count
                 A         B        C        D         E       F
            +---------+---------+-------+---------+---------+-------
      Total |     527 |     403 |  43.3 |      97 |      64 |  39.8
            +---------+---------+-------+---------+---------+-------
        D:1 |      50 |       0 |   0.0 |      18 |       0 |   0.0
        D:2 |      64 |       9 |  12.3 |      24 |       4 |  14.3
        D:3 |     172 |       0 |   0.0 |      38 |       0 |   0.0
        D:4 |     241 |      13 |   5.1 |      17 |       1 |   5.6
      Sewer |       0 |     381 | 100.0 |       0 |      59 | 100.0
            +---------+---------+-------+---------+---------+-------
